AoeStats
← KingRiles

Arena

509420734Analyzed
4v4 RM · 5d ago on Sep 26, 2026· 45m 43s· 8 players
Game mode
Random Map
Map size
Large (8 player)
Population
200
Speed
Normal
Resources
Standard
Victory
Conquest
Starting age
Dark Age
Ending age
Imperial Age
RankedLock teamsTeams togetherTeam positionsShared explorationLock speedFull tech treeHidden civsTurbo modeCheats
Victory
Defeat
🇺🇸 Malians · United States
1245
+7
🇺🇸 Teutons · United States
1001
+16
🇺🇸 Celts · United States
948
+18
🇺🇸 Khmer · United States
915
+18
🇵🇾 Cumans · Paraguay
1018
-15
🇺🇸 Japanese · United States
1007
-15
🇨🇱 Persians · Chile
997
-15
🇫🇷 Dravidians · France
977
-14
XITRO
2:57 Loom
10:42 Feudal Age
16:39 Castle Age
15:31 Stone Mining
15:23 Horse Collar
15:34 Double-Bit Axe
18:33 Loom
23:29 Heavy Plow
28:23 Wheelbarrow
31:13 Gold Mining
32:31 Bow Saw
35:38 Imperial Age
35:25 Hand Cart
35:16 Fletching
38:39 Two-Man Saw
39:26 Chemistry
38:47 Ballistics
38:38 Masonry
40:14 Gold Shaft Mining
39:33 Town Watch
40:10 Conscription
40:08 Murder Holes
43:38 Heavy Camel Rider
44:09 Cavalier
44:49 Husbandry
45:00 Bloodlines
45:16 Caravan
45:37 Scale Barding Armor
Joseph
8:50 Feudal Age
11:28 Wheelbarrow
10:41 Double-Bit Axe
15:20 Gold Mining
18:02 Fletching
20:52 Castle Age
23:03 Gold Shaft Mining
28:38 Bodkin Arrow
29:09 Bloodlines
32:10 Imperial Age
29:32 Loom
30:01 Scale Barding Armor
30:07 Forging
31:55 Chain Barding Armor
31:41 Horse Collar
32:19 Bow Saw
33:39 Plate Barding Armor
34:10 Conscription
33:38 Elite Steppe Lancer
35:54 Iron Casting
35:27 Steppe Husbandry
36:38 Capped Ram
Beaumains
9:37 Feudal Age
17:30 Castle Age
15:25 Loom
15:27 Man-at-Arms
16:20 Double-Bit Axe
17:17 Stone Mining
17:56 Scale Mail Armor
18:33 Squires
18:39 Town Watch
19:15 Gold Mining
20:09 Pikeman
21:29 Arson
26:12 Forging
26:33 Horse Collar
36:14 Fortified Wall
36:14 Masonry
36:45 Wheelbarrow
36:15 Heavy Plow
37:43 Light Cavalry
38:23 Husbandry
38:16 Long Swordsman
38:41 Gambesons
38:53 Fletching
44:32 Bow Saw
ifitsReal
10:44 Feudal Age
11:39 Double-Bit Axe
14:24 Castle Age
12:27 Horse Collar
16:08 Bow Saw
16:06 Heavy Plow
22:44 Gold Mining
23:30 Wheelbarrow
24:35 Gold Shaft Mining
25:22 Hand Cart
26:47 Stone Mining
30:56 Imperial Age
28:11 Loom
28:12 Town Watch
29:13 Town Patrol
29:17 Scale Mail Armor
29:27 Forging
29:08 Fletching
29:42 Ballistics
29:34 Fortified Wall
29:11 Treadmill Crane
30:16 Chain Mail Armor
29:25 Man-at-Arms
30:06 Squires
29:53 Arson
30:15 Long Swordsman
30:44 Gambesons
31:26 Chain Mail Armor
32:01 Two-Handed Swordsman
33:22 Iron Casting
34:14 Two-Man Saw
33:03 Champion
34:52 Chemistry
33:59 Siege Engineers
34:41 Plate Mail Armor
34:01 Pikeman
35:54 Blast Furnace
34:52 Bodkin Arrow
36:24 Halberdier
38:30 Kataparuto
38:30 Conscription
39:03 Hoardings
KingClueless
12:00 Feudal Age
16:13 Castle Age
14:22 Double-Bit Axe
18:41 Horse Collar
21:12 Man-at-Arms
22:04 Loom
35:08 Wheelbarrow
35:05 Forging
34:56 Scale Mail Armor
36:15 Gambesons
38:03 Hand Cart
41:37 Imperial Age
41:51 Capped Ram
43:17 Conscription
43:26 Long Swordsman
KingRiles
11:15 Feudal Age
15:15 Castle Age
13:35 Horse Collar
13:43 Double-Bit Axe
17:31 Bow Saw
21:10 Wheelbarrow
25:47 Hand Cart
26:44 Town Watch
26:44 Loom
30:24 Bloodlines
31:34 Ironclad
35:58 Imperial Age
33:30 Town Patrol
35:39 Forging
35:29 Scale Mail Armor
37:00 Iron Casting
36:30 Scale Barding Armor
36:12 Cavalier
37:49 Heavy Scorpion
39:05 Conscription
38:30 Paladin
43:03 Elite Teutonic Knight
Jugo_De_Sandilla
11:02 Feudal Age
15:12 Castle Age
13:59 Double-Bit Axe
13:59 Horse Collar
16:39 Wheelbarrow
19:00 Husbandry
19:20 Forging
23:35 Hand Cart
27:37 Iron Casting
27:08 Scale Barding Armor
30:14 Loom
31:08 Chain Barding Armor
32:02 Gold Mining
32:18 Stone Mining
37:28 Imperial Age
40:00 Plate Barding Armor
40:26 Blast Furnace
40:01 Elite Battle Elephant
aoedam
10:42 Feudal Age
14:26 Castle Age
12:36 Double-Bit Axe
14:35 Man-at-Arms
15:42 Scale Mail Armor
16:14 Long Swordsman
17:01 Arson
21:34 Chain Mail Armor
25:27 Wheelbarrow
28:10 Horse Collar
29:20 Bow Saw
29:11 Heavy Plow
31:23 Hand Cart
32:17 Forging
32:51 Gold Mining
33:05 Loom
35:19 Iron Casting
34:40 Town Watch
37:54 Imperial Age
35:20 Fletching
35:24 Stone Mining
36:39 Fortified Wall
36:40 Masonry
39:20 Plate Mail Armor
38:11 Elite Gbeto
39:13 Conscription
39:18 Town Patrol
39:50 Scale Barding Armor
39:48 Farimba
40:13 Bodkin Arrow
43:33 Husbandry
43:43 Bloodlines
42:54 Light Cavalry
43:55 Chain Barding Armor
Connection lost

Rejoining the realm…

Still unreachable

The connection could not be restored.

Session expired

The server has moved on; the page needs a fresh start.